 Dungeon Crawl Stone Soup version 0.27.0-1-g7a089689b8 (webtiles) character file.

Game seed: 8747426011612467008

1406 Crownlay the Chiller (level 8, 0/58 HPs)
             Began as a Gnoll Ice Elementalist on Aug 3, 2021.
             Slain by a shadow (7 damage)
             ... on level 5 of the Dungeon.
             The game lasted 00:17:15 (7977 turns).

Crownlay the Chiller (Gnoll Ice Elementalist)       Turns: 7977, Time: 00:17:16

Health: 0/58       AC: 13    Str:  8    XL:     8   Next: 70%
Magic:  7/17       EV: 14    Int: 17    God:
Gold:   273        SH:  4    Dex: 12    Spells: 12/19 levels left

rFire    . . .     SeeInvis .   h - +0 dagger
rCold    . . .     Faith    .   y - +0 buckler
rNeg     . . .     Spirit   .   a - +0 robe
rPois    .         Reflect  .   n - +0 helmet
rElec    +         Harm     .   b - +0 cloak
rCorr    .         Rampage  .   e - +0 pair of gloves "Keteqa Haib" {rElec}
Will     .....                  (no boots)
Stlth    +++.......             (no amulet)
HPRegen  0.19/turn              (no ring)
MPRegen  0.15/turn              (no ring)

@: mighty, ice-armoured, freezing walls
A: fangs 1, strong nose, distributed training
a: no special abilities


You were on level 5 of the Dungeon.
You visited 2 branches of the dungeon, and saw 6 of its levels.
You also visited: Sewer.

You collected 273 gold pieces.

Inventory:

Hand Weapons
 h - a +0 dagger (weapon)
Missiles
 v - 2 silver boomerangs (quivered)
Armour
 a - a +0 robe (worn)
 b - a +0 cloak (worn)
 e - the +0 pair of gloves "Keteqa Haib" (worn) {rElec}
   (You acquired it on level 3 of the Dungeon)

   rElec:     It insulates you from electricity.
 n - a +0 helmet (worn)
 y - a +0 buckler (worn)
Magical Staves
 s - a staff of fire
Wands
 u - a wand of acid (6)
 w - a wand of paralysis (10)
Scrolls
 g - 2 scrolls of blinking
 j - a scroll of vulnerability
 l - a scroll of magic mapping {unknown}
 o - a scroll of silence
 q - a scroll of summoning {unknown}
 r - 2 scrolls of fog {unknown}
 x - a scroll of amnesia {unknown}
 A - a scroll of immolation {unknown}
Potions
 c - a potion of might
 d - 2 potions of curing
 f - 2 potions of berserk rage {unknown}
 i - a potion of degeneration {unknown}
 k - 4 potions of heal wounds {unknown}
 m - a potion of flight {unknown}
 p - 4 potions of haste {unknown}
 t - a potion of lignification {unknown}
 z - a potion of invisibility {unknown}


   Skills:
 + Level 3.5 Fighting
 + Level 3.5 Short Blades
 + Level 3.5 Long Blades
 + Level 3.5 Axes
 + Level 3.5 Maces & Flails
 + Level 3.5 Polearms
 + Level 3.5 Staves
 + Level 3.5 Slings
 + Level 3.5 Bows
 + Level 3.5 Crossbows
 + Level 3.5 Throwing
 + Level 3.5 Armour
 + Level 5.8 Dodging
 + Level 5.5 Stealth
 + Level 3.5 Shields
 + Level 3.5 Unarmed Combat
 + Level 6.1 Spellcasting
 + Level 2.8 Conjurations
 + Level 2.8 Hexes
 + Level 2.8 Summonings
 + Level 2.8 Necromancy
 + Level 2.8 Translocations
 + Level 2.8 Transmutations
 + Level 2.8 Fire Magic
 + Level 7.7 Ice Magic
 + Level 2.8 Air Magic
 + Level 2.8 Earth Magic
 + Level 2.8 Poison Magic
 + Level 3.8 Invocations
 + Level 3.5 Evocations


You had 12 spell levels left.
You knew the following spells:

 Your Spells              Type           Power      Damage    Failure   Level
a - Freeze                Ice            100%       1d11      1%          1
b - Frozen Ramparts       Ice            62%        1d8       1%          3
c - Ozocubu's Armour      Ice            31%        N/A       1%          3

Your spell library contained the following spells:

 Spells                   Type           Power      Damage    Failure   Level
 Gell's Gravitas          Tloc           7%         N/A       12%         3
 Teleport Other           Tloc           15%        N/A       12%         3
 Hailstorm                Conj/Ice       23%        3d7       14%         4
 Dispersal                Tloc           7%         N/A       99%         6


Dungeon Overview and Level Annotations

Branches:
Dungeon (5/15)             Temple (1/1) D:4           Sewer (visited)

Altars:
Ashenzari
Dithmenos
Elyvilon
Hepliaklqana
Qazlal
Sif Muna
Trog
Vehumet
Xom
Zin

Shops:
D:5 :

Annotations:
D:5 3 runed translucent doors, mirkoslavko's ghost, novice MiBe


Innate Abilities, Weirdness & Mutations

You have very sharp teeth.
Your uncanny sense of smell can sniff out nearby items.
Your experience applies equally to all skills.


Message History

The wall freezes the hound but does no damage.
A howler monkey zombie comes into view.
The shadow completely resists.
The wall freezes the shadow but does no damage.
The shadow slips into darkness.
The shadow flickers and vanishes!
Deactivating autopickup; reactivate with Ctrl-A.
Your icy armour and frozen ramparts will break if you move.
Continue?
You miss something.
The wall freezes the hound.
Your icy armour and frozen ramparts will break if you move.
Continue?
You closely miss something.
The wall freezes something but does no damage.
The shadow strikes at you from the darkness!
Reactivating autopickup.
You closely miss the shadow.
The wall freezes the hound.
The shadow completely resists.
The wall freezes the shadow but does no damage.
The shadow closely misses you.
You barely miss the shadow. You bite the shadow, but do no damage.
The shadow completely resists.
The wall freezes the shadow but does no damage.
The shadow slips into darkness.
The shadow flickers and vanishes!
Deactivating autopickup; reactivate with Ctrl-A.
Casting: Frozen Ramparts (safe; 1% risk of failure)
Confirm with . or Enter, or press ? or * to list all spells.
Okay, then.
Okay, then.
You are too injured to fight recklessly!
Okay, then.
You feel very mighty all of a sudden.
The wall freezes the hound.
The wall freezes something but does no damage.
The shadow strikes at you from the darkness!
* * * LOW HITPOINT WARNING * * *
Reactivating autopickup.
You hit the shadow but do no damage.
The shadow completely resists.
The wall freezes the shadow but does no damage.
The shadow hits you!
You die...

#.........###.### #.#
###.######.#.....##...
....######.#.8.8.#....
........##†...8.....#
....###....#.8.8.#...
.#### #.#..#.....# .#
#.##.###g### .#
#.##.......# .#
#.##.#..#.@# .#
#.##...##..WZ...J. .#
#.####.....#.....# ..
∆..# #####.#.....# ..
#.# #.### .# ... ...
#.# #.# #.# .# .


You could see a shadow, a jelly (asleep), a gnoll and a howler monkey zombie.

Vanquished Creatures
  Grinder (D:4)
  Edmund (D:4)
  An orc warrior (D:4)
  An ogre (D:4)
  3 kobold brigands (Sewer)
  Blork the orc (D:4)
  A scorpion (D:5)
  A water moccasin skeleton (D:5)
  A howler monkey (D:5)
  2 bullfrog skeletons
  2 hounds (D:5)
  An orc priest (D:4)
  A jelly (D:4)
  A scorpion zombie (D:5)
  4 gnolls (D:5)
  11 adders
  A river rat (D:3)
  An ufetubus (D:4)
  An adder skeleton (D:4)
  6 worms
  A dart slug (D:1)
  13 orcs
  5 ball pythons
  13 endoplasms
  6 giant cockroaches
  9 goblins
  5 hobgoblins
  3 jackals (D:1)
  14 kobolds
  6 quokkas
  4 bats
  4 frilled lizards
  12 rats
137 creatures vanquished.

Vanquished Creatures (others)
  A plant (D:2)
1 creature vanquished.

Grand Total: 138 creatures vanquished

Notes
Turn   | Place    | Note
-------+----------+-------------------------------------------
     0 | D:1      | Crownlay the Gnoll Ice Elementalist began the quest for the
                  | Orb.
     0 | D:1      | Reached XP level 1. HP: 13/13 MP: 6/6
     3 | D:1      | Noticed an elf
     5 | D:1      | Noticed a naga
    13 | D:1      | Noticed a demigod
    15 | D:1      | Noticed a demigod
    17 | D:1      | Noticed a draconian
    17 | D:1      | Noticed a felid
    19 | D:1      | Noticed an octopode
   238 | D:1      | Reached XP level 2. HP: 19/19 MP: 3/7
   682 | D:1      | Reached XP level 3. HP: 25/25 MP: 9/9
   796 | D:1      | Reached skill level 5 in Spellcasting
  1167 | D:2      | Reached skill level 1 in Invocations
  1201 | D:2      | Learned a level 3 spell: Frozen Ramparts
  1205 | D:2      | Learned a level 3 spell: Ozocubu's Armour
  1441 | D:2      | Reached skill level 1 in Fighting
  1441 | D:2      | Reached skill level 1 in Short Blades
  1441 | D:2      | Reached skill level 1 in Long Blades
  1441 | D:2      | Reached skill level 1 in Axes
  1441 | D:2      | Reached skill level 1 in Maces & Flails
  1441 | D:2      | Reached skill level 1 in Polearms
  1441 | D:2      | Reached skill level 1 in Staves
  1441 | D:2      | Reached skill level 1 in Slings
  1441 | D:2      | Reached skill level 1 in Bows
  1441 | D:2      | Reached skill level 1 in Crossbows
  1441 | D:2      | Reached skill level 1 in Throwing
  1441 | D:2      | Reached skill level 1 in Armour
  1441 | D:2      | Reached skill level 1 in Shields
  1441 | D:2      | Reached skill level 1 in Unarmed Combat
  1441 | D:2      | Reached skill level 1 in Evocations
  1590 | D:2      | Reached XP level 4. HP: 28/32 MP: 6/11
  2192 | D:3      | Identified a scroll of acquirement
  2192 | D:3      | Acquired the +0 pair of gloves "Keteqa Haib" {rElec}
  2208 | D:3      | Found a glowing drain.
  2212 | D:3      | Reached skill level 1 in Conjurations
  2212 | D:3      | Reached skill level 1 in Hexes
  2212 | D:3      | Reached skill level 1 in Summonings
  2212 | D:3      | Reached skill level 1 in Necromancy
  2212 | D:3      | Reached skill level 1 in Translocations
  2212 | D:3      | Reached skill level 1 in Transmutations
  2212 | D:3      | Reached skill level 1 in Fire Magic
  2212 | D:3      | Reached skill level 1 in Air Magic
  2212 | D:3      | Reached skill level 1 in Earth Magic
  2212 | D:3      | Reached skill level 1 in Poison Magic
  2235 | Sewer    | Entered a sewer
  2281 | Sewer    | Noticed a kobold brigand
  2291 | Sewer    | Killed a kobold brigand
  2292 | Sewer    | Reached XP level 5. HP: 7/37 MP: 6/12
  2875 | Sewer    | Noticed a kobold brigand
  2875 | Sewer    | Noticed a kobold brigand
  2885 | Sewer    | Killed a kobold brigand
  2886 | Sewer    | Reached XP level 6. HP: 21/44 MP: 10/14
  2888 | Sewer    | Reached skill level 5 in Dodging
  4406 | D:3      | Found a faded altar of an unknown god.
  5204 | D:4      | Reached XP level 7. HP: 50/50 MP: 15/15
  5209 | D:4      | Found a staircase to the Ecumenical Temple.
  5223 | Temple   | Entered the Ecumenical Temple
  5637 | D:4      | Noticed Blork the orc
  5648 | D:4      | Killed Blork the orc
  5735 | D:4      | Noticed Edmund
  5748 | D:4      | Killed Edmund
  5749 | D:4      | Reached skill level 5 in Stealth
  5838 | D:4      | Reached XP level 8. HP: 19/57 MP: 7/16
  6127 | D:4      | Noticed Grinder
  6180 | D:4      | Killed Grinder
  6823 | D:5      | Entered Level 5 of the Dungeon
  7481 | D:5      | Found Beramagowk's Book Boutique.
  7883 | D:5      | Found a runed translucent gate.
  7883 | D:5      | Found a runed translucent gate.
  7885 | D:5      | Found a runed translucent gate.
  7888 | D:5      | Noticed mirkoslavko's ghost (novice MiBe)
  7956 | D:5      | Noticed a shadow
  7977 | D:5      | Slain by a shadow

Illustrated notes

Levels and vault maps discovered:
D:1:      shiori_arrival_whats_in_store_for_you, layout_basic
D:2:      cheibrodos_old_hovel, layout_loops_corners, nrook_loot_triangle
D:3:      layout_loops_ring, portal_sewer_entry_c,
          chequers_ecumenical_altar_simple_redux,
          minmay_randomly_rotated_circles
D:4:      layout_layer_cave, minmay_temple_entry_tees, minmay_misc_feat_pillars,
          eino_small_chamber_without_monster, uniq_edmund, uniq_grinder,
          uniq_blork_the_orc
D:5:      layout_loops_ring, serial_shops, shop, gammafunk_ghost_necromancy,
          minmay_chambers_of_fives
Temple:   eino_temple_lava

Skill      XL: |  1  2  3  4  5  6  7  8 |
---------------+-------------------------+-----
Spellcasting   | 5 6 |  6.1
Invocations    | 1 2 3 |  3.8
Fighting       | 1 2 3 |  3.5
Short Blades   | 1 2 3 |  3.5
Long Blades    | 1 2 3 |  3.5
Axes           | 1 2 3 |  3.5
Maces & Flails | 1 2 3 |  3.5
Polearms       | 1 2 3 |  3.5
Staves         | 1 2 3 |  3.5
Slings         | 1 2 3 |  3.5
Bows           | 1 2 3 |  3.5
Crossbows      | 1 2 3 |  3.5
Throwing       | 1 2 3 |  3.5
Armour         | 1 2 3 |  3.5
Shields        | 1 2 3 |  3.5
Unarmed Combat | 1 2 3 |  3.5
Evocations     | 1 2 3 |  3.5
Conjurations   | 1 2 |  2.8
Hexes          | 1 2 |  2.8
Summonings     | 1 2 |  2.8
Necromancy     | 1 2 |  2.8
Translocations | 1 2 |  2.8
Transmutations | 1 2 |  2.8
Fire Magic     | 1 2 |  2.8
Air Magic      | 1 2 |  2.8
Earth Magic    | 1 2 |  2.8
Poison Magic   | 1 2 |  2.8
Dodging        | 5 |  5.8
Stealth        | 5 |  5.5
Ice Magic      | |  7.7

Action                   |  1- 3 |  4- 6 |  7- 9 || total
-------------------------+-------+-------+-------++-------
Melee: Dagger            |    26 |   223 |   220 ||   469
       Unarmed           |     1 |       |       ||     1
       Bite              |     1 |    10 |    25 ||    36
       Punch             |       |     1 |       ||     1
Throw: Boomerang         |    11 |    35 |    59 ||   105
 Cast: Freeze            |    41 |    18 |     1 ||    60
       Frozen Ramparts   |     1 |    12 |    20 ||    33
       Ozocubu's Armour  |       |     6 |     9 ||    15
  Use: Scroll            |       |     4 |       ||     4
       Potion            |       |     2 |     1 ||     3
 Stab: Sleeping          |     2 |     2 |       ||     4
Armor: Robe              |    10 |    39 |    53 ||   102
Dodge: Dodged            |    31 |   127 |   112 ||   270
Block: Buckler           |       |       |    24 ||    24
